 Dungeon Crawl Stone Soup version 0.30-a0-722-g3e6e8c874d (webtiles) character file.

Game seed: 3759493742031092319

2026 pokeman the Thaumaturge (level 9, -3/49 HPs)
             Began as a Deep Elf Hedge Wizard on Jan 28, 2023.
             Was a Follower of Vehumet.
             Slain by an orc warrior
             ... wielding a +2 glaive of venom
              (16 damage)
             ... on level 6 of the Dungeon.
             The game lasted 00:12:47 (6830 turns).

pokeman the Thaumaturge (Deep Elf Hedge Wizard)     Turns: 6830, Time: 00:12:47

Health: -3/49      AC:  8    Str:  7    XL:     9   Next: 3%
Magic:  23/25      EV: 13    Int: 30    God:    Vehumet [*.....]
Gold:   47         SH:  0    Dex: 14    Spells: 20/28 levels left

rFire   + . .      SeeInvis .    v - +2 halberd (venom)
rCold   . . .      Faith    .    (shield currently unavailable)
rNeg    . . .      Spirit   .    o - +2 robe {rF+}
rPois   .          Reflect  .    r - +0 helmet
rElec   .          Harm     .    e - +1 cloak
rCorr   .          Rampage  .    q - +0 pair of gloves
Will    .....                    (no boots)
Stlth   ++                       (no amulet)
HPRegen 0.28/turn                s - +6 ring of intelligence
MPRegen 0.19/turn                (no ring)

@: no status effects
A: no striking features
a: Renounce Religion


You were on level 6 of the Dungeon.
You worshipped Vehumet.
Vehumet was aware of your devotion.
You visited 2 branches of the dungeon, and saw 7 of its levels.

You collected 187 gold pieces.
You spent 140 gold pieces at shops.

Inventory:

Hand Weapons
 i - a +0 short sword of venom
 v - a +2 halberd of venom (weapon)
Armour
 e - a +1 cloak (worn)
 o - a +2 robe of fire resistance (worn)
 q - a +0 pair of gloves (worn)
 r - a +0 helmet (worn)
 E - a +0 leather armour of cold resistance
Magical Staves
 w - a staff of earth
Jewellery
 g - an amulet of guardian spirit
 s - a +6 ring of intelligence (left hand)
Wands
 z - a wand of charming (15)
 D - a wand of flame (17)
Scrolls
 a - 5 scrolls of enchant weapon {unknown}
 c - 3 scrolls of teleportation {unknown}
 f - 11 scrolls of identify {unknown}
 h - a scroll of magic mapping {unknown}
 l - 2 scrolls of blinking {unknown}
 m - 2 scrolls of poison {unknown}
 n - 4 scrolls of noise {unknown}
 t - a scroll of butterflies {unknown}
 u - a scroll of fear {unknown}
 x - a scroll of torment {unknown}
 y - a scroll of amnesia {unknown}
 F - a scroll of silence {unknown}
Potions
 b - 3 potions of curing
 d - 3 potions of magic
 j - a potion of haste {unknown}
 k - a potion of ambrosia {unknown}
 p - 3 potions of attraction {unknown}
 A - a potion of berserk rage {unknown}
 B - a potion of lignification {unknown}
 C - 2 potions of heal wounds


   Skills:
 - Level 2.6 Fighting
 + Level 2.3 Armour
 - Level 3.1 Dodging
 - Level 3.2 Stealth
 * Level 10.4 Spellcasting
 + Level 5.5 Conjurations
 + Level 4.6 Summonings
 - Level 1.1 Translocations
 - Level 1.0 Air Magic
 - Level 3.0 Earth Magic
 - Level 1.0 Poison Magic
 - Level 1.0 Evocations


You had 20 spell levels left.
You knew the following spells:

 Your Spells              Type           Power      Damage    Failure   Level
a - Magic Dart            Conj           100%       1d8       1%          1
b - Mephitic Cloud        Conj/Pois/Air  30%        N/A       3%          3
c - Call Imp              Summ           43%        N/A       1%          2
d - Blink                 Tloc           44%        N/A       3%          2

Your spell library contained the following spells:

 Spells                   Type           Power      Damage    Failure   Level
 Freeze                   Ice            60%        1d7       3%          1
 Momentum Strike          Conj/Tloc      70%        3d9       1%          2
 Searing Ray              Conj           96%        2d7       1%          2
 Slow                     Hex            60%        N/A       3%          1
 Cigotuvi's Dreadful Rot  Necr/Pois/Air  38%        N/A       3%          2
 Lesser Beckoning         Tloc           44%        N/A       3%          2
 Fulminant Prism          Conj/Hex       16%        3d11      11%         4
 Irradiate                Conj/Tmut      16%        3d17      30%         5
 Blade Hands              Tmut           7%         N/A       67%         5
 Dragon Form              Tmut           7%         N/A       100%        7


Dungeon Overview and Level Annotations

Branches:
Dungeon (6/15)             Temple (1/1) D:4

Altars:
Dithmenos
Elyvilon
Fedhas
Gozag
Hepliaklqana
Makhleb
Nemelex Xobeh
Okawaru
Ru
Sif Muna
Vehumet
Wu Jian
Xom
Yredelemnul
The Shining One

Shops:
D:3 *   D:5 !

Annotations:
D:6 Darius099's ghost, novice GrFi


Message History

You hear a shout!
The orc warrior is engulfed in noxious fumes.
The orc warrior appears confused.
You feel sick.
The orc warrior is engulfed in noxious fumes.
The orc warrior appears confused.
Reach: v) +2 halberd (venom)
Press: ? - help, Dir - move target, f/p - orc warrior
Aim: an orc warrior, wielding a +2 glaive of venom and wearing a +0 chain mail (noxious fumes, confused, about 25% to evade your +2 halberd of venom)
You reach to attack!
You hit the orc warrior but do no damage.
The orc warrior is poisoned.
You feel sick.
The orc warrior is engulfed in noxious fumes.
The orc warrior appears confused.
Reach: v) +2 halberd (venom)
Press: ? - help, Dir - move target, f/p - orc warrior
Aim: an orc warrior, wielding a +2 glaive of venom and wearing a +0 chain mail (lightly wounded, confused, very poisoned, about 25% to evade your +2 halberd of venom)
You slash the orc warrior!
The orc warrior looks as sick as possible!
The orc warrior is heavily wounded.
You feel sick.
You are no longer poisoned.
The orc warrior hits you with a +2 glaive of venom!
* * * LOW HITPOINT WARNING * * *
You are lethally poisoned!
Darius099's ghost wails.
The orc warrior misses you.
* * * LOW HITPOINT WARNING * * *
You feel very sick.
The orc warrior is engulfed in noxious fumes.
The orc warrior appears confused.
The orc warrior hits the orc with a +0 trident!
The orc is killed!
Vehumet accepts your kill.
You feel better.
Something closely misses your crimson imp.
Something hits your crimson imp.
The orc warrior ponders the situation.
The orc warrior hits you with a +2 glaive of venom!
You die...

..#..##..#...#####.....#
..#)...#.#...# ###.###
.##[...#.o.5.# #.# ##
_.8.#.o...# #.# #
....#ooo.## #.#
...o#o#o.# #.#
..##.W#..# #.#
..8#.o#.5########.#
..##..#..oo.o@....#
8.....#..##########
#######8.# #.##### #.#
#.# #.# #.# ### #.######


You could see 2 orc warriors, an orc and a friendly crimson imp (summoned).

Vanquished Creatures
  Sigmund (D:2)
  2 water moccasins (D:6)
  A black bear (D:5)
  5 ogres
  An orc warrior (D:4)
  An ice beast (D:6)
  2 centaurs
  Blork the orc (D:6)
  A necrophage (D:6)
  A howler monkey (D:6)
  4 hounds
  An orc priest (D:4)
  A jelly (D:5)
  A gnoll bouda (D:6)
  An iguana (D:5)
  4 orc wizards
  8 gnolls
  10 adders
  A shadow imp (D:6)
  A white imp (D:5)
  2 ufetubi (D:5)
  5 dart slugs
  16 orcs
  11 endoplasms
  4 giant cockroaches
  6 goblins
  3 hobgoblins
  9 jackals
  10 kobolds
  2 quokkas (D:1)
  6 ball pythons
  5 bats
  5 frilled lizards (D:1)
  2 rats
  A spectral kobold (D:3)
135 creatures vanquished.

Vanquished Creatures (collateral kills)
  A gnoll (D:6)
1 creature vanquished.

Grand Total: 136 creatures vanquished

Notes
Turn   | Place    | Note
-------+----------+-------------------------------------------
     0 | D:1      | pokeman the Deep Elf Hedge Wizard began the quest for the
                  | Orb.
     0 | D:1      | Reached XP level 1. HP: 10/10 MP: 7/7
   274 | D:1      | Reached XP level 2. HP: 15/15 MP: 6/9
   884 | D:1      | Reached skill level 5 in Spellcasting
  1054 | D:1      | Reached XP level 3. HP: 20/20 MP: 8/11
  1058 | D:1      | Learned a level 3 spell: Mephitic Cloud
  1061 | D:1      | Learned a level 2 spell: Call Imp
  1064 | D:1      | Learned a level 2 spell: Blink
  1703 | D:2      | Reached skill level 1 in Fighting
  1902 | D:2      | You fall into a shaft and drop 2 floors!
  1906 | D:4      | Reached skill level 1 in Armour
  1942 | D:4      | Noticed an orc warrior
  1973 | D:4      | Reached XP level 4. HP: 13/25 MP: 3/13
  1978 | D:4      | Killed an orc warrior
  1979 | D:4      | Reached skill level 6 in Spellcasting
  1979 | D:4      | Reached XP level 5. HP: 17/29 MP: 1/15
  2117 | D:4      | Reached skill level 1 in Poison Magic
  2176 | D:3      | Found a sacrificial altar of Ru.
  2207 | D:3      | Reached skill level 1 in Air Magic
  2271 | D:2      | Reached XP level 6. HP: 34/34 MP: 13/17
  2800 | D:2      | Noticed Sigmund
  2820 | D:2      | Killed Sigmund
  2821 | D:2      | Reached skill level 7 in Spellcasting
  3061 | D:3      | Found a faded altar of an unknown god.
  3268 | D:3      | Found Qelaisto's Assorted Antiques.
  3580 | D:3      | Found a white marble altar of Elyvilon.
  3934 | D:4      | Found a sparkling altar of Nemelex Xobeh.
  3934 | D:4      | Found a basalt altar of Yredelemnul.
  4007 | D:4      | Reached XP level 7. HP: 36/39 MP: 15/20
  4057 | D:4      | Found a staircase to the Ecumenical Temple.
  4066 | Temple   | Entered the Ecumenical Temple
  4110 | Temple   | Became a worshipper of Vehumet
  4464 | D:5      | Entered Level 5 of the Dungeon
  4656 | D:5      | Reached skill level 8 in Spellcasting
  4656 | D:5      | Reached skill level 1 in Earth Magic
  4779 | D:5      | Reached XP level 8. HP: 40/45 MP: 16/22
  4871 | D:5      | Reached skill level 9 in Spellcasting
  5144 | D:5      | Found Violaajul's Distillery.
  5147 | D:5      | Bought a potion of curing for 30 gold pieces
  5147 | D:5      | Bought a potion of degeneration for 10 gold pieces
  5147 | D:5      | Bought a potion of heal wounds for 50 gold pieces
  5147 | D:5      | Bought a potion of heal wounds for 50 gold pieces
  5348 | D:6      | Noticed Blork the orc
  5359 | D:6      | Killed Blork the orc
  5576 | D:6      | Reached skill level 5 in Conjurations
  5604 | D:6      | Reached skill level 1 in Evocations
  5726 | D:6      | Found a sparkling altar of Nemelex Xobeh.
  5918 | D:6      | Reached skill level 10 in Spellcasting
  5923 | D:6      | Reached * piety under Vehumet
  5923 | D:6      | Offered knowledge of Freeze by Vehumet.
  6351 | D:6      | Reached XP level 9. HP: 47/49 MP: 16/25
  6480 | D:6      | Found a runed translucent gate.
  6481 | D:6      | Found a runed translucent gate.
  6482 | D:6      | Found a runed translucent gate.
  6484 | D:6      | Noticed Darius099's ghost (novice GrFi)
  6486 | D:6      | Identified the +1 chain mail "Atzoaj" {Fly rF+ Stlth-}
  6830 | D:6      | Slain by an orc warrior

Illustrated notes

Levels and vault maps discovered:
D:1:      noname_arrival_rooms_in_the_neighbourhood, layout_basic
D:2:      layout_basic, hangedman_decor_push, chequers_serial_rivers_micro_d,
          minivault_27, minmay_fractal_squares_gapless_5, uniq_sigmund
D:3:      layout_rooms, mainiacjoe_overflow_two_lobes, serial_shops,
          nicolae_shop_statue_plus, dreamdust_ecumenical_altar_drowned_temple,
          chequers_serial_rivers_micro_e
D:4:      layout_basic, nicolae_overflow_two_pavilions,
          minmay_temple_entry_poolview
D:5:      layout_cave_pools, serial_shops, kennysheep_mini
D:6:      layout_loops_corners, biasface_ghost_orc_armoury,
          kennysheep_small_circle, uniq_blork_the_orc
Temple:   nicolae_temple_bog_church

Skill      XL: |  1  2  3  4  5  6  7  8 |
---------------+-------------------------+-----
Spellcasting   | 5 6 7 8 10 | 10.4
Fighting       | 1 2 |  2.6
Armour         | 1 2 |  2.3
Conjurations   | 2 3 4 5 |  5.5
Dodging        | 3 |  3.1
Stealth        | 3 |  3.2
Poison Magic   | 1 |  1.0
Air Magic      | 1 |  1.0
Summonings     | 2 3 4 |  4.6
Earth Magic    | 2 3 |  3.0
Evocations     | 1 |  1.0
Translocations | |  1.1

Action                     |  1- 3 |  4- 6 |  7- 9 || total
---------------------------+-------+-------+-------++-------
  Melee: Dagger            |     9 |       |       ||     9
         Short sword       |    20 |    37 |    44 ||   101
         Punch             |     1 |     1 |     4 ||     6
         Halberd           |       |       |    36 ||    36
   Cast: Magic Dart        |   105 |    96 |    92 ||   293
         Mephitic Cloud    |     2 |     6 |    19 ||    27
         Call Imp          |     1 |       |     7 ||     8
         Blink             |       |       |     1 ||     1
    Use: Potion            |       |       |     1 ||     1
   Stab: Confused          |       |     5 |     7 ||    12
 Armour: Robe              |     9 |    12 |    22 ||    43
  Dodge: Dodged            |    25 |    32 |    78 ||   135

Table legend: (Time is in decaauts)
 A = Elapsed time spent in this place.
 B = Non-inter-level travel time spent in this place.
 C = Inter-level travel time spent in this place.
 D = Time resting spent in this place.
 E = Time spent auto-exploring this place.
 F = Levels seen in this place.
 G = Mean time per level.
                   A        B        C        D        E       F      G
               +--------+--------+--------+--------+--------+-----+--------+
         Total |   6855 |   6717 |    138 |    391 |   5329 |   7 |  979.3 |
       Dungeon |   6793 |   6667 |    126 |    391 |   5294 |   6 | 1132.2 |
        Temple |     61 |     49 |     12 |      0 |     34 |   1 |   61.0 |
               +--------+--------+--------+--------+--------+-----+--------+

Top non-repeatable levels by time:
     D:1: 1488 daAuts
     D:6: 1464 daAuts
     D:2: 1193 daAuts
     D:4: 1014 daAuts
     D:5: 921 daAuts
     D:3: 711 daAuts
  Temple: 61 daAuts
